 Dungeon Crawl Stone Soup version 0.32-a0-876-gcfddb08e57 (webtiles) character file.

Game seed: 8455512058262933564

149 OstrichLN the Chopper (level 5, 0/54 HPs)
             Began as an Oni Berserker on Jan 26, 2024.
             Was a Believer of Trog.
             Shot with a sling bullet by a goblin (3 damage)
             ... on level 3 of the Dungeon on Apr 1, 2024.
             The game lasted 00:03:49 (2092 turns).

OstrichLN the Chopper (Oni Berserker)               Turns: 2092, Time: 00:03:50

Health: 0/54       AC:  3    Str: 23    XL:     5   Next: 31%
Magic:  5/5        EV:  9    Int:  8    God:    Trog [**....]
Gold:   140        SH:  0    Dex:  8    Spells: 4/4 levels left

rFire   . . .        a - +0 hand axe
rCold   . . .        (no shield)
rNeg    . . .        b - +0 animal skin
rPois   .            (helmet restricted)
rElec   .            (no cloak)
rCorr   .            (gloves unavailable)
SInv    .            (boots unavailable)
Will    .....        (no amulet)
Stlth   +            (no ring)
HPRegen 0.29/turn    (no ring)
MPRegen 0.09/turn

%: no passive effects
@: no status effects
A: large, unfitting armour, horns 1, tough skin 1, double potion healing,
drunken brawling
a: Renounce Religion, Berserk, Trog's Hand


You were on level 3 of the Dungeon.
You worshipped Trog.
Trog was pleased with you.
You visited 1 branch of the dungeon, and saw 3 of its levels.

You collected 140 gold pieces.

Inventory:

Hand Weapons
 a - a +0 hand axe (weapon)
Armour
 b - a +0 animal skin (worn)
Scrolls
 c - a scroll of fog {unknown}
 d - a scroll of blinking {unknown}
 e - a scroll of enchant armour {unknown}
 g - a scroll of poison {unknown}
 h - 3 scrolls of identify {unknown}
 j - a scroll of torment {unknown}
 m - a scroll of vulnerability {unknown}
 n - a scroll of butterflies {unknown}
Potions
 f - a potion of attraction {unknown}
 i - a potion of berserk rage {unknown}
 k - a potion of lignification {unknown}
 l - a potion of heal wounds {unknown}
 o - a potion of curing {unknown}
 p - 2 potions of enlightenment {unknown}


   Skills:
 - Level 4.0 Fighting
 + Level 5.8 Axes
 - Level 2.6 Dodging


You had 4 spell levels left.
You didn't know any spells.
Your spell library was empty.

Dungeon Overview and Level Annotations

Branches:
Dungeon (3/15)

Altars:

Annotations:
D:3 2 transporters, Hsik's ghost, amateur MfSh


Innate Abilities, Weirdness & Mutations

You are too large for most types of armour.
You have a pair of small horns on your head.
You have tough skin. (AC +1)
You gain doubled healing and magic from potions.
Whenever you drink a healing potion, you attack all around you.


Message History

The jelly is heavily wounded.
The jelly barely misses you.
You hit the jelly. The acid corrodes you!
Your hands burn!
You headbutt the jelly, but do no damage.
The jelly is heavily wounded.
The jelly closely misses you.
You hit the jelly.
Your hands burn!
You headbutt the jelly.
You kill the jelly!
Trog accepts your kill.
No target in view!
No target in view!
You are no longer corroded.
You now have 140 gold pieces (gained 3).
A goblin comes into view. It is wielding a +4 sling.
The goblin shoots a sling bullet.
The sling bullet hits you!
Okay, then.
No reachable target in view!
No reachable target in view!
A goblin is nearby!
The goblin shoots a sling bullet.
The sling bullet hits you.
The goblin shoots a sling bullet.
The sling bullet hits you!
The goblin shoots a sling bullet.
The sling bullet hits you!
The goblin shoots a sling bullet.
The sling bullet completely misses you.
The goblin shoots a sling bullet.
The sling bullet hits you!
The goblin shoots a sling bullet.
The sling bullet hits you!
* * * LOW HITPOINT WARNING * * *
A goblin comes into view. It is wielding a +0 sling.
The goblin shouts!
A ball python comes into view.
The goblin shoots a sling bullet.
The sling bullet closely misses you.
The goblin shoots a sling bullet.
The sling bullet hits you.
* * * LOW HITPOINT WARNING * * *
The ball python hisses angrily.
The goblin shoots a sling bullet.
The sling bullet hits you.
* * * LOW HITPOINT WARNING * * *
The goblin shoots a sling bullet.
The sling bullet hits you.
* * * LOW HITPOINT WARNING * * *
Found a stone staircase leading up.
The goblin shoots a sling bullet.
The sling bullet hits you.
You die...

.#..##.#.....#.##.# #.#
.#..##.#..#..#.##.# #.#
.#©.##.#..#..#.##.# #.#
O#...†.#.#####.##.# #.#
W#©.##.........##.####.##
O#..####.########.......#
.#..# #.#..............#
.#..# #.# ##..######.###
.#..# #.# #<...@# #.#
##..# #.# #.#.#.# #.#
##### #.# # #.# #.# #.#
#.####.# #.. #S.....#
#≈≈≈≈≈≈≈≈≈≈≈≈≈#
#≈≈≈≈≈≈≈≈≈≈≈≈≈≈#
#≈≈≈....g....####
#≈≈.g........#


You could see a goblin and a ball python.

Vanquished Creatures
  A jelly (D:3)
  Natasha (D:3)
  2 adders (D:2)
  2 dart slugs
  7 ball pythons
  4 endoplasms
  5 giant cockroaches
  5 hobgoblins (D:2)
  6 jackals
  2 quokkas
  8 bats
  4 frilled lizards
  7 goblins
  6 kobolds
  5 rats (D:2)
65 creatures vanquished.

Notes
Turn   | Place    | Note
-------+----------+-------------------------------------------
     0 | D:1      | OstrichLN the Oni Berserker began the quest for the Orb.
     0 | D:1      | Reached XP level 1. HP: 24/24 MP: 1/1
    80 | D:1      | Reached XP level 2. HP: 32/32 MP: 2/2
   617 | D:1      | Reached skill level 4 in Axes
   709 | D:1      | Reached XP level 3. HP: 39/39 MP: 3/3
   902 | D:2      | Reached ** piety under Trog
   905 | D:2      | Reached XP level 4. HP: 13/48 MP: 4/4
  1210 | D:2      | Reached skill level 5 in Axes
  1647 | D:3      | Upgraded the game from 0.32-a0-42-ga30500b4d3 to
                  | 0.32-a0-876-gcfddb08e57
  1810 | D:3      | Noticed Natasha
  1828 | D:3      | Killed Natasha
  1829 | D:3      | Reached XP level 5. HP: 14/54 MP: 5/5
  1993 | D:3      | Found a transporter.
  1996 | D:3      | Noticed Hsik's ghost (amateur MfSh)
  1996 | D:3      | Identified the +1 great mace "Utro" {flame, Dex+4}
  1996 | D:3      | Noticed an ogre
  1998 | D:3      | Noticed an ogre
  1999 | D:3      | Found a transporter.
  2089 | D:3      | HP: 2/54 [goblin/sling bullet (6)]
  2092 | D:3      | Shot with a sling bullet by a goblin

Illustrated notes

Levels and vault maps discovered:
D:1:      dpeg_arrival_rhombus, layout_loops_ring
D:2:      layout_loops_ring, grunt_ministairs_13, minmay_heptomino_w4
D:3:      kennysheep_goblin_castle, layout_basic, gammafunk_ghost_smash,
          corexii_shack, minmay_joined_circles, uniq_natasha

Skill      XL: |  1  2  3  4 |
---------------+-------------+-----
Axes           | 4 5 |  5.8
Fighting       | |  4.0
Dodging        | |  2.6

Action                     |  1- 3 |  4- 6 || total
---------------------------+-------+-------++-------
  Melee: Hand axe          |   102 |    97 ||   199
         Headbutt          |    10 |    16 ||    26
         Punch             |     2 |       ||     2
 Armour: Animal skin       |    94 |    75 ||   169
  Dodge: Dodged            |    77 |    44 ||   121

Table legend: (Time is in decaauts)
 A = Elapsed time spent in this place.
 B = Non-inter-level travel time spent in this place.
 C = Inter-level travel time spent in this place.
 D = Time resting spent in this place.
 E = Time spent auto-exploring this place.
 F = Levels seen in this place.
 G = Mean time per level.
                   A        B        C        D        E       F      G
               +--------+--------+--------+--------+--------+-----+--------+
         Total |   2109 |   2072 |     37 |     71 |   1584 |   3 |  703.0 |
       Dungeon |   2109 |   2072 |     37 |     71 |   1584 |   3 |  703.0 |
               +--------+--------+--------+--------+--------+-----+--------+

Top non-repeatable levels by time:
     D:2: 965 daAuts
     D:1: 697 daAuts
     D:3: 447 daAuts
